 Dungeon Crawl Stone Soup version 0.31.0-4-g52a2dc7128 (webtiles) character file.

Game seed: 4257082928904570063

610 ssalbiz the Magician (level 7, -2/36 HPs)
             Began as a Deep Elf Hedge Wizard on Jan 22, 2024.
             Slain by a sleepcap (5 damage)
             ... on level 4 of the Dungeon.
             The game lasted 00:13:17 (5332 turns).

ssalbiz the Magician (Deep Elf Hedge Wizard)        Turns: 5332, Time: 00:13:17

Health: -2/36      AC:  4    Str:  7    XL:     7   Next: 20%
Magic:  18/20      EV: 13    Int: 17    God:
Gold:   179        SH:  5    Dex: 18    Spells: 15/21 levels left

rFire   + . .        A - +10 dagger of the Beloved God {freeze, rCorr Int-4 Dex+4}
rCold   + . .        (no shield)
rNeg    . . .        b - +0 robe
rPois   .            y - +0 helmet
rElec   .            (no cloak)
rCorr   +            w - +0 pair of gloves
SInv    .            (no boots)
Will    .....        a - amulet of reflection
Stlth   ++           o - ring of protection from fire
HPRegen 0.26/turn    q - ring of protection from cold
MPRegen 0.17/turn

%: reflection
@: no status effects
A: no striking features
a: no special abilities


You were on level 4 of the Dungeon.
You visited 1 branch of the dungeon, and saw 5 of its levels.

You collected 179 gold pieces.

Inventory:

Hand Weapons
 c - a +2 dagger of venom
 A - the +10 dagger of the Beloved God (weapon) {freeze, rCorr Int-4 Dex+4}
   (You found it on level 4 of the Dungeon)

   Int-4:     It affects your intelligence (-4).
   Dex+4:     It affects your dexterity (+4).
   rCorr:     It protects you from acid and corrosion.
Armour
 b - a +0 robe (worn)
 w - a +0 pair of gloves (worn)
 y - a +0 helmet (worn)
Jewellery
 a - an amulet of reflection (around neck)
 o - a ring of protection from fire (left hand)
 q - a ring of protection from cold (right hand)
Wands
 B - a wand of flame (17)
Scrolls
 g - 4 scrolls of identify {unknown}
 h - a scroll of acquirement {unknown}
 i - a scroll of enchant armour {unknown}
 k - 4 scrolls of teleportation {unknown}
 n - a scroll of fear {unknown}
 p - a scroll of vulnerability {unknown}
 v - a scroll of silence {unknown}
 x - a scroll of amnesia {unknown}
 z - a scroll of noise {unknown}
Potions
 d - 2 potions of magic
 e - a potion of ambrosia {unknown}
 f - 2 potions of brilliance {unknown}
 j - 2 potions of might {unknown}
 l - 3 potions of lignification {unknown}
 m - a potion of berserk rage {unknown}
 r - a potion of invisibility {unknown}
 s - a potion of curing {unknown}
 t - a potion of degeneration {unknown}
 u - a potion of haste {unknown}


   Skills:
 - Level 2.4 Dodging
 - Level 2.4 Stealth
 + Level 7.7 Spellcasting
 + Level 5.2 Conjurations
 - Level 1.1 Summonings
 - Level 1.1 Translocations
 + Level 2.3 Air Magic
 + Level 2.5 Alchemy


You had 15 spell levels left.
You knew the following spells:

 Your Spells              Type           Power      Damage    Failure   Level
a - Magic Dart            Conj           96%        1d7       1%          1
b - Mephitic Cloud        Conj/Alch/Air  18%        N/A       9%          3
c - Call Imp              Summ           20%        N/A       11%         2

Your spell library contained the following spells:

 Spells                   Type           Power      Damage    Failure   Level
 Sting                    Conj/Alch      76%        1d7       2%          1
 Apportation              Tloc           20%        N/A       7%          1
 Summon Small Mammal      Summ           40%        N/A       7%          1
 Cigotuvi's Dreadful Rot  Necr/Alch/Air  24%        N/A       9%          2
 Necrotise                Necr           24%        1d5       11%         1
 Slow                     Hex            24%        N/A       11%         1
 Blink                    Tloc           20%        N/A       11%         2
 Fugue of the Fallen      Necr           6%         N/A       32%         3
 Ozocubu's Armour         Ice            6%         N/A       32%         3
 Manifold Assault         Tloc           10%        N/A       56%         4


Dungeon Overview and Level Annotations

Branches:
Dungeon (5/15)
 Temple: D:4-7

Altars:
Ashenzari
Fedhas
Kikubaaqudgha
Nemelex Xobeh
Okawaru
Sif Muna
Uskayaw
Wu Jian
Xom
Zin
The Shining One

Shops:
D:1 =[   D:2 *=(

Annotations:
D:2 Sigmund
D:5 Eustachio


Message History

Okay, then.
Unknown command.
Unknown command.
Casting: Call Imp (safe; 8% risk of failure)
Confirm with . or Enter, or press ? or * to list all spells.
A tiny devil pulls itself out of the air.
Your cerulean imp disappears in a puff of smoke!
The sleepcap barely misses you. The sleepcap attacks as it pursues you!
The sleepcap closely misses you.
Casting: Call Imp (safe; 8% risk of failure)
Confirm with . or Enter, or press ? or * to list all spells.
You don't know that spell.
You hit the sleepcap but do no damage.
The sleepcap is lightly damaged.
Your cerulean imp hits the sleepcap but does no damage.
Your +2 dagger of venom stops dripping with poison.
You feel stupid.
You feel agile.
The +10 dagger of the Beloved God {freeze, rCorr Int-4 Dex+4} glows with a cold blue light!
A - the +10 dagger of the Beloved God (weapon)
{freeze, rCorr Int-4 Dex+4} The sleepcap releases spores at you but does no damage.
You hit the sleepcap. You freeze the sleepcap.
The sleepcap is moderately damaged.
Your cerulean imp hits the sleepcap but does no damage.
The sleepcap closely misses you.
You barely miss the orc. The orc barely misses you.
Your cerulean imp hits the sleepcap but does no damage.
The sleepcap barely misses you.
Unknown command.
You hit the sleepcap. You freeze the sleepcap.
The sleepcap is moderately damaged.
The orc closely misses you.
Your cerulean imp hits the sleepcap from afar with a -3 spear.
The sleepcap barely misses you.
You hit the sleepcap but do no damage.
The sleepcap is heavily damaged.
The orc closely misses you.
Your cerulean imp hits the sleepcap but does no damage.
The sleepcap releases spores at you.
You die...

##### ....# ########
....##########...)..##########
................##)>.........#
.....#......§...##.).........#
......##....§.......[........#
......##.≈≈§≈≈..##...).......# #
#####.##.≈#'#§5of#...........# #
#.###§#_#≈..@............# #
#####...#≈#+#≈...............# #
...###...≈§.≈≈.........#.########
##.......##...<..................
###......................########
.........................## #
.####..#..<.##.#####..#...#######
## ##.[........# #..##..[..#...
###..##...#..# #...#.###.#...


You could see a sleepcap (ally target), an orc and a friendly cerulean imp
(summoned).

Vanquished Creatures
  A black bear (D:4)
  A scorpion (D:4)
  A bombardier beetle (D:3)
  2 orc priests (D:4)
  A hound (D:4)
  3 jellies (D:2)
  An iguana (D:4)
  A sleepcap (D:4)
  Robin (D:3)
  5 adders
  An ufetubus (D:4)
  2 dart slugs
  A ribbon worm (D:2)
  12 orcs
  11 endoplasms
  4 giant cockroaches (D:1)
  11 hobgoblins
  15 kobolds
  7 quokkas
  10 ball pythons
  7 bats
  5 frilled lizards
  12 goblins
  4 rats
119 creatures vanquished.

Vanquished Creatures (others)
  A human (D:3)
1 creature vanquished.

Grand Total: 120 creatures vanquished

Notes
Turn   | Place    | Note
-------+----------+-------------------------------------------
     0 | D:1      | ssalbiz the Deep Elf Hedge Wizard began the quest for the
                  | Orb.
     0 | D:1      | Reached XP level 1. HP: 10/10 MP: 7/7
   315 | D:1      | Found Jotobun's Armour Boutique.
   323 | D:1      | Reached XP level 2. HP: 15/15 MP: 4/9
   419 | D:1      | Found Veecat's Jewellery Emporium.
   687 | D:1      | Reached skill level 5 in Spellcasting
   992 | D:1      | Reached XP level 3. HP: 19/19 MP: 11/11
  1148 | D:2      | Found a glowing silver altar of Zin.
  1655 | D:2      | Found Reatoleonk's Antique Weapon Boutique.
  1676 | D:2      | Noticed Sigmund
  1926 | D:2      | Found Qotomy's Jewellery Emporium.
  1937 | D:2      | Found Bujud's Assorted Antiques.
  1941 | D:2      | Reached XP level 4. HP: 24/24 MP: 9/13
  2608 | D:2      | Reached skill level 6 in Spellcasting
  2668 | D:2      | Reached XP level 5. HP: 28/28 MP: 9/15
  2802 | D:2      | Found a hide-covered altar of Uskayaw.
  2802 | D:2      | Found a shimmering altar of Xom.
  2802 | D:2      | Found a sparkling altar of Nemelex Xobeh.
  2802 | D:2      | Found an ancient bone altar of Kikubaaqudgha.
  2802 | D:2      | Found a broken altar of Ashenzari.
  2802 | D:2      | Found a glowing golden altar of the Shining One.
  2920 | D:3      | Found an ornate altar of the Wu Jian Council.
  3062 | D:3      | Found a faded altar of an unknown god.
  3066 | D:3      | Found a shimmering blue altar of Sif Muna.
  3238 | D:3      | Learned a level 3 spell: Mephitic Cloud
  3389 | D:3      | Found an ancient bone altar of Kikubaaqudgha.
  3515 | D:3      | Found an iron altar of Okawaru.
  3623 | D:3      | Found a glowing golden altar of the Shining One.
  3739 | D:3      | Noticed a human
  3740 | D:3      | Killed a human
  3813 | D:3      | Noticed Robin
  3818 | D:3      | Killed Robin
  3819 | D:3      | Reached skill level 7 in Spellcasting
  3994 | D:3      | Learned a level 2 spell: Call Imp
  4003 | D:4      | Reached skill level 1 in Air Magic
  4003 | D:4      | Reached skill level 1 in Alchemy
  4003 | D:4      | Reached XP level 6. HP: 32/32 MP: 11/18
  4314 | D:4      | Reached skill level 5 in Conjurations
  4558 | D:4      | Found a blossoming altar of Fedhas.
  4566 | D:4      | Reached XP level 7. HP: 36/36 MP: 17/20
  4657 | D:4      | Identified the +10 dagger of the Beloved God {freeze, rCorr
                  | Int-4 Dex+4}
  4865 | D:5      | Entered Level 5 of the Dungeon
  5145 | D:5      | Noticed Eustachio
  5324 | D:4      | HP: 1/36 [sleepcap (6)]
  5332 | D:4      | Slain by a sleepcap

Illustrated notes

Levels and vault maps discovered:
D:1:      tekkud_arrival_beachfront_property, layout_rooms, serial_shops,
          nicolae_shop_crystal, nicolae_shop_behind_doors,
          hangedman_feature_mirror, serial_bayou_pond_d, minmay_misc_feat_tower,
          minmay_surrounded
D:2:      cheibrodos_fertilizer, layout_rooms, basic_altar,
          serial_co_window_serial, co_window_corner_a, co_window_corner_a,
          co_window_paths_a, co_window_paths_a, co_window_paths_a,
          co_window_paths_b, co_window_paths_a, co_window_paths_c,
          co_window_paths_c, co_window_of_opportunity_b, co_window_2corner,
          co_window_unsneaky_path_e, co_window_broadway_b,
          co_window_unsneaky_path_e, co_window_4corner_b, glass_columns_b,
          glass_columns_b, serial_shops, shop, nicolae_shop_tiny_waterfront,
          shop, uniq_sigmund
D:3:      layout_loops_cross, lemuel_crystal_altar,
          nicolae_overflow_ecumenical_swirl, nicolae_wu_jian_wuxing_cycle,
          mainiacjoe_overflow_alcove_4, tgw_kikubaaqudgha, st_stairs_11,
          uniq_robin
D:4:      layout_rooms, kennysheep_mini_moat
D:5:      layout_rooms, mainiacjoe_overflow_brackets, uniq_eustachio

Skill      XL: |  1  2  3  4  5  6 |
---------------+-------------------+-----
Conjurations   | 2 3 4 5 |  5.2
Spellcasting   | 5 6 7 |  7.7
Air Magic      | 1 2 |  2.3
Alchemy        | 1 2 |  2.5
Dodging        | |  2.4
Stealth        | |  2.4
Summonings     | |  1.1
Translocations | |  1.1

Action                     |  1- 3 |  4- 6 |  7- 9 || total
---------------------------+-------+-------+-------++-------
  Melee: Dagger            |    23 |     2 |     5 ||    30
   Cast: Magic Dart        |    91 |   166 |    43 ||   300
         Mephitic Cloud    |       |     1 |     1 ||     2
         Call Imp          |       |       |     2 ||     2
   Stab: Sleeping          |     2 |       |       ||     2
 Armour: Robe              |    11 |    13 |    26 ||    50
  Dodge: Dodged            |    21 |    14 |    26 ||    61
  Block: Other             |       |       |     5 ||     5
